 Dungeon Crawl Stone Soup version 0.30-a0-571-gdf30a72648 (webtiles) character file.

Game seed: 456663984510841926

259 Shayle the Sneak (level 6, -3/52 HPs)
             Began as a Naga Ice Elementalist on Dec 29, 2022.
             Slain by a gnoll
             ... wielding a +0 halberd
              (9 damage)
             ... on level 4 of the Dungeon.
             The game lasted 00:06:30 (2845 turns).

Shayle the Sneak (Naga Ice Elementalist)            Turns: 2845, Time: 00:06:31

Health: -3/52      AC:  4    Str: 10    XL:     6   Next: 17%
Magic:  7/10       EV: 10    Int: 18    God:
Gold:   135        SH:  0    Dex: 11    Spells: 7/11 levels left

rFire   . . .      SeeInvis +    w - +5 dagger (drain)
rCold   . . .      Faith    .    (no shield)
rNeg    . . .      Spirit   .    a - +0 robe
rPois   +          Reflect  .    v - +0 helmet
rElec   .          Harm     .    (no cloak)
rCorr   .          Rampage  .    (no gloves)
Will    .....                    (no barding)
Stlth   +++                      (no amulet)
HPRegen 0.28/turn                (no ring)
MPRegen 0.12/turn                (no ring)

@: very slow
A: AC +2, large, see invisible, deformed body, poison resistance, slowness 2,
spit poison 1, naga tail 1
a: Spit Poison


You were on level 4 of the Dungeon.
You visited 1 branch of the dungeon, and saw 4 of its levels.

You collected 135 gold pieces.

Inventory:

Hand Weapons
 k - a +0 whip
 w - a +5 dagger of draining (weapon)
Armour
 a - a +0 robe (worn)
 v - a +0 helmet (worn)
Scrolls
 d - a scroll of torment {unknown}
 e - a scroll of fear {unknown}
 i - a scroll of vulnerability {unknown}
 m - 4 scrolls of identify {unknown}
 o - a scroll of noise {unknown}
 p - a scroll of poison {unknown}
 q - a scroll of enchant weapon {unknown}
 r - a scroll of butterflies {unknown}
 s - 2 scrolls of immolation {unknown}
 t - a scroll of teleportation {unknown}
Potions
 b - 2 potions of magic
 c - 4 potions of curing {unknown}
 f - a potion of berserk rage {unknown}
 g - a potion of brilliance {unknown}
 h - a potion of haste {unknown}
 j - 3 potions of mutation {unknown}
 l - 2 potions of flight {unknown}
 n - 2 potions of degeneration {unknown}
 u - 4 potions of attraction {unknown}


   Skills:
 + Level 2.3 Fighting
 + Level 2.6 Dodging
 + Level 5.1 Stealth
 + Level 3.1 Spellcasting
 + Level 4.8 Ice Magic


You had 7 spell levels left.
You knew the following spells:

 Your Spells              Type           Power      Damage    Failure   Level
a - Freeze                Ice            80%        1d9       2%          1
b - Frozen Ramparts       Ice            40%        1d7       7%          3

Your spell library contained the following spells:

 Spells                   Type           Power      Damage    Failure   Level
 Ozocubu's Armour         Ice            20%        N/A       7%          3
 Sandblast                Erth           4%         2d4       16%         1
 Passwall                 Tmut/Erth      1%         N/A       24%         2
 Stone Arrow              Conj/Erth      4%         3d7       43%         3
 Summon Ice Beast         Ice/Summ       11%        N/A       52%         4


Dungeon Overview and Level Annotations

Branches:
Dungeon (4/15)
 Temple: D:4-7

Altars:
Nemelex Xobeh
Sif Muna


Innate Abilities, Weirdness & Mutations

Your serpentine skin is tough. (AC +2)
You have supernaturally acute eyesight. (SInv)
Armour fits poorly on your strangely shaped body.
Your system is resistant to poisons. (rPois)
You cover ground very slowly.
You can spit poison.
You have a snake-like lower body.


Message History

Casting: Frozen Ramparts (dangerous; 7% risk of failure)
Press: ? - help, Dir - look around, f - activate An open door.
The walls around you are covered in ice.
The wall freezes the gnoll but does no damage.
You hit the gnoll. You drain the gnoll.
The gnoll is moderately wounded.
The wall freezes the gnoll but does no damage.
The gnoll barely misses you.
You hit the gnoll.
The gnoll is heavily wounded.
The wall freezes the gnoll.
The gnoll hits you with a +0 flail.
You closely miss the gnoll.
The gnoll is heavily wounded.
The wall freezes the gnoll.
The gnoll hits you with a +0 flail.
You hit the gnoll but do no damage.
The gnoll is almost dead.
The wall freezes the gnoll but does no damage.
The gnoll hits you with a +0 flail!
You closely miss the gnoll.
The gnoll is almost dead.
The frozen ramparts melt away.
The gnoll hits you with a +0 flail.
You puncture the gnoll!
You kill the gnoll!
u - 4 emerald potions (gained 2)
You close the door.
You start resting.
A gnoll is nearby!
Casting: Frozen Ramparts (dangerous; 7% risk of failure)
Confirm with . or Enter, or press ? or * to list all spells.
Casting: Frozen Ramparts (dangerous; 7% risk of failure)
Press: ? - help, Dir - look around, f - activate
Okay, then.
The gnoll shouts!
The gnoll hits you with a +0 halberd!
* * * LOW HITPOINT WARNING * * *
You hit the gnoll.
The gnoll is moderately wounded.
The gnoll hits you with a +0 halberd!
You die...

#.# #.# #+## #.# #...## ##
#.# ##.....##
##.##.###.......#
##...#.##.........
#......)+.........
##...#.##......... ##
#)###@......#
####g####g....##
#........#...## ♣
#.##.###.##+## .♣P !. ...#
#.##.# ♣P.
.g.#.######.##.########♣.♣
#g # #...........#....P.♣♣
. #.####.####.#.###)PP♣♣
##.....##.....#)~P..


You could see a gnoll.

Vanquished Creatures
  An ogre (D:4)
  An iguana (D:3)
  Robin (D:3)
  5 adders
  3 gnolls (D:4)
  A worm (D:2)
  2 bats
  5 endoplasms
  2 giant cockroaches (D:1)
  10 goblins
  7 hobgoblins
  A quokka (D:2)
  4 ball pythons
  7 frilled lizards
  7 kobolds
  4 rats
61 creatures vanquished.

Vanquished Creatures (others)
  A plant (D:3)
1 creature vanquished.

Grand Total: 62 creatures vanquished

Notes
Turn   | Place    | Note
-------+----------+-------------------------------------------
     0 | D:1      | Shayle the Naga Ice Elementalist began the quest for the
                  | Orb.
     0 | D:1      | Reached XP level 1. HP: 15/15 MP: 3/3
   457 | D:1      | Reached XP level 2. HP: 22/24 MP: 5/5
  1119 | D:2      | Reached XP level 3. HP: 17/30 MP: 6/6
  1123 | D:2      | Learned a level 3 spell: Frozen Ramparts
  1232 | D:2      | Reached skill level 1 in Fighting
  1820 | D:3      | Reached skill level 4 in Stealth
  1820 | D:3      | Reached XP level 4. HP: 35/38 MP: 3/7
  1992 | D:3      | Found a shimmering blue altar of Sif Muna.
  2426 | D:3      | Reached XP level 5. HP: 45/45 MP: 5/9
  2611 | D:4      | Noticed Robin
  2626 | D:3      | Killed Robin
  2693 | D:4      | Noticed an ogre
  2700 | D:4      | Killed an ogre
  2701 | D:4      | Reached skill level 5 in Stealth
  2701 | D:4      | Reached XP level 6. HP: 29/52 MP: 1/10
  2796 | D:4      | Found a sparkling altar of Nemelex Xobeh.
  2845 | D:4      | Slain by a gnoll

Illustrated notes

Levels and vault maps discovered:
D:1:      amcnicky_arrival_choice, layout_loops_corners
D:2:      layout_loops_ring
D:3:      layout_rooms, mainiacjoe_overflow_tiny_flanked, hex_medium,
          minmay_stone_trees_large, minmay_misc_feat_iff, minmay_lizard_king
D:4:      layout_loops_corners, nicolae_overflow_hidden_temple,
          old_standard_altar, nicolae_elyvilon_peaceful_grove, temple_hall,
          serial_shops, nicolae_stop_n_shop_2, shop, shop, uniq_robin

Skill      XL: |  1  2  3  4  5 |
---------------+----------------+-----
Fighting       | 1 2 |  2.3
Dodging        | 2 |  2.6
Stealth        | 4 5 |  5.1
Spellcasting   | 3 |  3.1
Ice Magic      | |  4.8

Action                   |  1- 3 |  4- 6 || total
-------------------------+-------+-------++-------
Melee: Unarmed           |    16 |       ||    16
       Punch             |     1 |       ||     1
       Whip              |    27 |    26 ||    53
       Club              |    11 |       ||    11
       Dagger            |       |     9 ||     9
 Cast: Frozen Ramparts   |     2 |    12 ||    14
 Abil: Spit Poison       |    33 |    10 ||    43
Armor: Robe              |     6 |     6 ||    12
Dodge: Dodged            |    23 |    23 ||    46

Table legend: (Time is in decaauts)
 A = Elapsed time spent in this place.
 B = Non-inter-level travel time spent in this place.
 C = Inter-level travel time spent in this place.
 D = Time resting spent in this place.
 E = Time spent auto-exploring this place.
 F = Levels seen in this place.
 G = Mean time per level.
                   A        B        C        D        E       F      G
               +--------+--------+--------+--------+--------+-----+--------+
         Total |   3666 |   3548 |    118 |    283 |   2629 |   4 |  916.5 |
       Dungeon |   3666 |   3548 |    118 |    283 |   2629 |   4 |  916.5 |
               +--------+--------+--------+--------+--------+-----+--------+

Top non-repeatable levels by time:
     D:1: 1293 daAuts
     D:3: 1262 daAuts
     D:2: 926 daAuts
     D:4: 184 daAuts
